 Dungeon Crawl Stone Soup version 0.17-a0-1093-g0b3cd89 (webtiles) character file.

27893 Jakers the Stickfighter (level 13, -5/107 HPs)
             Began as a Minotaur Monk on May 20, 2015.
             Was a High Priest of Trog.
             Slain by a battleaxe of flaming (6 damage)
             ... on level 2 of the Elven Halls.
             The game lasted 01:26:07 (12993 turns).

Jakers the Stickfighter (Minotaur Monk)            Turns: 12993, Time: 01:26:08

Health: -5/107     AC: 27    Str: 22    XL:     13   Next: 6%
Magic:  3/3        EV: 11    Int:  7    God:    Trog [*****.]
Gold:   158        SH:  0    Dex: 14    Spells: 0 memorised, 12 levels left

rFire  + . .     SeeInvis .     w - +3 lajatang (antimagic) {Gift of Trog}
rCold  . . .     Clarity  +     F - +3 plate armour {rF+}
rNeg   . . .     SustAb   .     (no shield)
rPois  .         Gourm    .     (helmet restricted)
rElec  .         Spirit   .     d - +0 cloak
rCorr  .         Warding  .     (no gloves)
rMut   .         Stasis   .     j - +0 pair of boots
MR     .....                    (no amulet)
Stlth  ..........               b - +3 ring of protection
                                n - +3 ring of slaying

@: exhausted, slowed, very slow, not resistant to hostile enchantments,
extremely unstealthy
A: retaliatory headbutt, horns 2, yellow scales 1, clarity, frail 1, low mp 2,
strong 1, evolution 1
a: Burn Spellbooks, Berserk, Trog's Hand, Brothers in Arms, Renounce Religion


You were on level 2 of the Elven Halls.
You worshipped Trog.
Trog was extremely pleased with you.
You were near starving.

You visited 3 branches of the dungeon, and saw 16 of its levels.
You visited the Abyss 1 time.

You collected 1466 gold pieces.
You spent 1308 gold pieces at shops.

Inventory:

Hand weapons
 a - a +3 arbalest of flaming
 w - a +3 antimagic lajatang (weapon) {Gift of Trog}
 E - a +5 quarterstaff of chaos {FOR TROG!}
Missiles
 z - 8 tomahawks of returning (quivered) {BOOMERANG BITCH}
Armour
 d - a +0 cloak (worn)
 j - a +0 pair of boots (worn)
 F - a +3 plate armour of fire resistance (worn)
Jewellery
 b - a +3 ring of protection (right hand)
 n - a +3 ring of slaying (left hand)
Magical devices
 h - a wand of lightning (11)
 p - a wand of magic darts (21)
 r - a wand of draining (9)
 D - a wand of paralysis (10)
Scrolls
 e - 4 scrolls of remove curse
 f - a scroll of noise
 g - 2 scrolls of identify
 m - a scroll of enchant armour
 o - 3 scrolls of fog
 t - 3 scrolls of teleportation
 v - a scroll of blinking
 x - a scroll of fear
 A - 2 scrolls of recharging
 B - a scroll of acquirement {unknown}
 C - 2 scrolls of amnesia {unknown}
Potions
 i - a potion of cancellation
 l - 4 potions of lignification
 q - a potion of berserk rage
Miscellaneous
 y - a legendary deck of war {drawn: 1}


   Skills:
 + Level 12.5 Fighting
   Level 0.8(10.4) Polearms
 + Level 15.4 Staves
   Level 0.2 Slings
 + Level 12.9 Armour
 + Level 9.3 Dodging
 + Level 3.8 Stealth
 - Level 5.4 Unarmed Combat
 + Level 0.1 Evocations


You had 12 spell levels left.
You didn't know any spells.

Dungeon Overview and Level Annotations

Branches:
Dungeon (10/15)            Temple (0/1) D:4            Lair (0/8) D:8
    Orc (4/4) D:10            Elf (2/3) Orc:3

Altars:
Fedhas
Ru
Trog
Vehumet
Xom
Beogh

Shops:
D:5 (   Orc:1 [*:   Orc:3 (   Orc:4 =?=:%

Annotations:
Elf:2 1 runed door


Innate Abilities, Weirdness & Mutations

You reflexively headbutt those who attack you in melee.
You have a pair of horns on your head.
You are partially covered in yellow scales (AC +2).
You possess an exceptional clarity of mind.
You are frail (-10% HP).
Your magical capacity is very low (-20% MP).
Your muscles are strong. (Str +2)
You evolve.


Message History

The dire flail of protection closely misses you.
The battleaxe of flaming hits you!
* * * LOW HITPOINT WARNING * * *
The battleaxe of flaming burns you.
* * * LOW HITPOINT WARNING * * *
Use which ability? (? or * to list)
Your deep troll goes berserk!
You feel somewhat more hungry.
The dire flail of protection misses you.
The battleaxe of flaming hits you!
* * * LOW HITPOINT WARNING * * *
The battleaxe of flaming burns you.
* * * LOW HITPOINT WARNING * * *
The dire flail of protection closely misses you.
The dire flail of protection hits you.
* * * LOW HITPOINT WARNING * * *
Your deep troll bites the dire flail of protection!!
The dire flail of protection falls from the air.
The battleaxe of flaming hits you.
You die...

.................
.................
#...............#
.................
.................
.................
.................
......T)(........
.......@.........
.................
...................
...........).......
...................
...................
#........(().......
#.......).........
##..(...(........#


You could see a battleaxe of flaming and a friendly deep troll (berserk).

Vanquished Creatures
  The ghost of halfnothing the Severer, a mighty MiFi of Okawaru (Elf:1)
  A deep elf demonologist (Elf:1)
  Snorg (Orc:3)
  3 dancing weapons (Elf:2)
  6 deep elf knights
  A hill giant (D:10)
  2 deep elf summoners (Elf:1)
  5 orc sorcerers
  A deep elf conjurer (Elf:1)
  2 cyclopes (Orc:3)
  A centaur skeleton (D:8)
  An efreet (D:9)
  A kobold demonologist (D:9)
  4 deep elf priests
  A troll (Orc:1)
  A blue devil (Orc:4)
  A two-headed ogre (D:10)
  Sigmund (D:6)
  A spriggan (D:10)
  5 yaks (D:9)
  8 deep elf magi
  3 hippogriffs (D:9)
  5 deep elf fighters
  A hungry ghost (D:7)
  Menkaure (D:7)
  7 wargs
  A steam dragon (D:10)
  A large abomination (Abyss:1)
  3 sky beasts
  2 porcupines (D:8)
  4 necrophages (D:8)
  A water moccasin (D:6)
  12 orc warriors
  3 phantoms
  4 ogres
  An ice beast (D:9)
  3 centaurs
  5 crocodiles (D:8)
  Blork the orc (D:4)
  6 giant frogs
  2 wyvern zombies
  2 scorpions (D:8)
  4 wights
  4 killer bees (D:9)
  A crimson imp (D:5)
  A centaur zombie (D:10)
  5 hounds
  3 iguanas
  19 orc priests
  A giant frog zombie (D:10)
  43 orc wizards
  Crazy Yiuf (D:7)
  A gnoll shaman (D:6)
  4 worker ants
  10 sheep
  A hound zombie (D:7)
  2 hound skeletons
  A mummy (D:8)
  A worker ant zombie (D:7)
  A river rat (D:8)
  10 adders
  6 gnolls
  A shadow imp (D:6)
  An ooze (D:2)
  An adder skeleton (D:4)
  A worm (D:2)
  3 giant geckos
  137 orcs
  4 ball pythons
  5 giant cockroaches
  22 goblins
  22 hobgoblins
  10 jackals
  14 kobolds
  2 quokkas
  18 bats
  A giant gecko zombie (D:6)
  A giant newt (D:2)
  15 rats
  A bush (D:6)
  A fungus (Elf:2)
  A plant (D:5)
496 creatures vanquished.

Vanquished Creatures (collateral kills)
  A large abomination (Elf:1)
  A dancing weapon (Elf:2)
  An orc sorcerer (Orc:4)
  An orc priest (Orc:2)
  4 orc wizards
  6 orcs
14 creatures vanquished.

Vanquished Creatures (others)
  An orc wizard (Orc:4)
  A sheep (Orc:3)
  An orc (Orc:4)
3 creatures vanquished.

Grand Total: 513 creatures vanquished

Notes
Turn   | Place    | Note
--------------------------------------------------------------
     0 | D:1      | Jakers the Minotaur Monk began the quest for the Orb.
     0 | D:1      | Reached XP level 1. HP: 19/19 MP: 0/0
   145 | D:1      | Reached XP level 2. HP: 24/27 MP: 1/1
   528 | D:1      | Reached skill level 5 in Unarmed Combat
   825 | D:2      | Reached XP level 3. HP: 25/33 MP: 2/2
  1599 | D:3      | Found a bloodstained altar of Trog.
  1625 | D:3      | Became a worshipper of Trog the Wrathful
  1625 | D:3      | Acquired Trog's first power
  1625 | D:3      | Acquired Trog's second power
  1637 | D:3      | Reached XP level 4. HP: 40/40 MP: 3/3
  1860 | D:4      | Found a staircase to the Ecumenical Temple.
  1958 | D:4      | Noticed Blork the orc
  1970 | D:4      | Killed Blork the orc
  1970 | D:4      | Reached skill level 1 in Staves
  1970 | D:4      | Reached skill level 1 in Armour
  1970 | D:4      | Reached XP level 5. HP: 35/47 MP: 4/4
  2585 | D:5      | Entered Level 5 of the Dungeon
  2631 | D:5      | Noticed a centaur
  2631 | D:5      | Reached XP level 6. HP: 44/55 MP: 5/5
  2639 | D:5      | Killed a centaur
  2639 | D:5      | Reached skill level 5 in Fighting
  2718 | D:5      | Found Rageshen's Antique Weapon Boutique.
  2854 | D:5      | Noticed a phantom
  2885 | D:5      | Killed a phantom
  2977 | D:6      | Found a blossoming altar of Fedhas.
  2997 | D:6      | Reached skill level 5 in Dodging
  2997 | D:6      | Reached XP level 7. HP: 38/61 MP: 6/6
  3054 | D:6      | Noticed a water moccasin
  3060 | D:6      | Killed a water moccasin
  3155 | D:6      | Reached skill level 5 in Staves
  3361 | D:6      | Noticed Sigmund
  3370 | D:6      | Killed Sigmund
  3453 | D:6      | Reached XP level 8. HP: 70/70 MP: 7/7
  3515 | D:6      | Reached skill level 6 in Dodging
  3690 | D:7      | Reached skill level 5 in Armour
  3709 | D:7      | Noticed Menkaure
  3718 | D:7      | Killed Menkaure
  4352 | D:7      | Found a sacrificial altar of Ru.
  4407 | D:7      | Acquired Trog's third power
  4435 | D:7      | Gained mutation: You evolve. [mutagenic meat]
  4451 | D:7      | Gained mutation: Your magical capacity is low (-10% MP). [mutagenic meat]
  4466 | D:7      | Gained mutation: You possess an exceptional clarity of mind. [mutagenic meat]
  4468 | D:7      | Gained mutation: Your magical capacity is very low (-20% MP). [mutagenic meat]
  4470 | D:7      | Gained mutation: You are partially covered in yellow scales (AC +2). [mutagenic meat]
  4478 | D:7      | Reached skill level 7 in Dodging
  4745 | D:7      | Noticed Crazy Yiuf
  4753 | D:7      | Killed Crazy Yiuf
  4793 | D:8      | Reached XP level 9. HP: 78/78 MP: 6/6
  4935 | D:8      | Reached skill level 8 in Dodging
  4969 | D:8      | Found a staircase to the Lair.
  5057 | D:8      | Noticed a centaur skeleton
  5082 | D:8      | Killed a centaur skeleton
  5195 | D:8      | Gained mutation: You are frail (-10% HP). [evolution]
  5352 | D:8      | Reached skill level 9 in Staves
  5363 | D:8      | Reached XP level 10. HP: 66/79 MP: 7/7
  5598 | D:9      | Found a radiant altar of Vehumet.
  6118 | D:9      | Reached skill level 10 in Staves
  6600 | D:9      | Found a shimmering altar of Xom.
  6711 | D:10     | Entered Level 10 of the Dungeon
  6895 | D:10     | Reached skill level 11 in Staves
  7000 | D:10     | Noticed a hill giant
  7015 | D:10     | Killed a hill giant
  7018 | D:10     | Reached XP level 11. HP: 60/87 MP: 7/7
  7082 | D:10     | Found a staircase to the Orcish Mines.
  7092 | Orc:1    | Entered Level 1 of the Orcish Mines
  7092 | Orc:1    | Found Ceklitan's Assorted Antiques.
  7102 | Orc:1    | Found Gesopsuz's Book Shoppe.
  7107 | Orc:1    | Received a gift from Trog
  7188 | Orc:1    | Found Zobi's Armour Boutique.
  7249 | Orc:1    | Bought a +3 plate armour of fire resistance for 540 gold pieces
  7657 | Orc:2    | Found a roughly hewn altar of Beogh.
  7822 | Orc:2    | Received a gift from Trog
  7918 | Orc:3    | Found Guihitit's Antique Weapon Emporium.
  8073 | Orc:3    | Reached skill level 10 in Armour
  8095 | Orc:3    | Reached skill level 10 in Fighting
  8096 | Orc:3    | Reached skill level 12 in Staves
  8597 | Orc:4    | Entered Level 4 of the Orcish Mines
  8765 | Orc:4    | Paralysed by an orc sorcerer for 7 turns
  9025 | Orc:4    | Found Deuw's Book Shop.
  9056 | Orc:4    | Found Moaruowk's Food Shoppe.
  9109 | Orc:4    | Noticed a soul eater
  9127 | Orc:4    | Received a gift from Trog
  9184 | Orc:4    | Found a roughly hewn altar of Beogh.
  9231 | Orc:4    | Found Exke's Jewellery Shoppe.
  9257 | Orc:4    | Bought a +3 ring of slaying for 495 gold pieces
  9309 | Orc:4    | Found Ibimikar's Jewellery Shoppe.
  9573 | Orc:4    | Received a gift from Trog
  9642 | Orc:4    | Found Zanoti's Magic Scroll Shop.
 10328 | Orc:4    | Gained mutation: Your muscles are strong. (Str +2) [potion of beneficial mutation]
 10481 | Orc:4    | Reached skill level 13 in Staves
 10594 | Orc:4    | Bought a +3 ring of protection for 273 gold pieces
 10949 | Orc:3    | Noticed Snorg
 10961 | Orc:3    | Killed Snorg
 11282 | Orc:3    | Found a staircase to the Elven Halls.
 11288 | Elf:1    | Entered Level 1 of the Elven Halls
 11487 | Elf:1    | Reached XP level 12. HP: 77/99 MP: 2/8
 11605 | Elf:1    | Noticed a deep elf knight
 11615 | Elf:1    | Killed a deep elf knight
 11860 | Elf:1    | Noticed halfnothing's ghost (mighty MiFi)
 11884 | Elf:1    | Killed halfnothing's ghost
 11884 | Elf:1    | Reached skill level 14 in Staves
 12084 | Elf:1    | Noticed a deep elf demonologist
 12085 | Elf:1    | Cast into the Abyss (a deep elf demonologist)
 12138 | Elf:1    | Escaped the Abyss
 12143 | Elf:1    | Killed a deep elf demonologist
 12143 | Elf:1    | Received a gift from Trog
 12244 | Elf:1    | Noticed a deep elf knight
 12272 | Elf:1    | Killed a deep elf knight
 12292 | Elf:1    | Noticed a deep elf summoner
 12296 | Elf:1    | Killed a deep elf summoner
 12331 | Elf:1    | Paralysed by an orc sorcerer for 3 turns
 12591 | Elf:2    | Reached skill level 15 in Staves
 12938 | Elf:2    | Found a runed door.
 12950 | Elf:2    | Found a runed door.
 12975 | Elf:2    | Reached XP level 13. HP: 79/107 MP: 3/9
 12993 | Elf:2    | HP: 1/107 [dire flail of protection (5)]
 12993 | Elf:2    | Slain by a battleaxe of flaming

Vault maps used:
D:1:      evilmike_arrival_hilbert_curve
D:3:      grunt_gozag_breadcrumbs, lemuel_crystal_altar
D:4:      temple_fountains, first_bread, lightli_minifort, uniq_blork_the_orc
D:5:      grunt_temple_overflow_diamond, serial_shops,
          nicolae_shop_overgrown_old_shop, basic_altar,
          eino_small_chamber_without_monster, tgw_sif
D:6:      minmay_splitting_lines, kennysheep_doodads,
          fedhas_bush_and_centaur_altar, uniq_sigmund
D:7:      boulder_indie, nicolae_ru_great_annihilating_truth,
          eino_small_chamber_without_monster, uniq_crazy_yiuf_cottage,
          uniq_menkaure
D:8:      minmay_lair_entry_grove, serial_undead, serial_undead_f,
          serial_undead_e, serial_undead_e, serial_undead_d, serial_undead_b,
          serial_undead_f
D:9:      minmay_distorted_concentric_squares, lemuel_crystal_altar, basic_altar
D:10:     orc_0_dummy, the_bakery
Orc:1:    serial_shops, shop, nicolae_shop_trees,
          nicolae_shop_temple_entry_statues_fountains
Orc:2:    basic_altar
Orc:3:    serial_shops, shop, nicolae_orc_pool_cavern, mines4_lemuel, uniq_snorg
Orc:4:    st_orc_town, serial_shops, shop_fountains
Elf:1:    minivault_28
Elf:2:    uniq_louise

Action                   |  1- 3 |  4- 6 |  7- 9 | 10-12 | 13-15 || total
-------------------------+-------+-------+-------+-------+-------++-------
Melee: Unarmed           |   110 |       |       |       |       ||   110
       Quarterstaff      |    12 |   146 |   262 |   183 |       ||   603
       Spear             |       |       |    21 |       |       ||    21
       Lajatang          |       |       |       |   575 |     5 ||   580
 Fire: Hunting sling     |    10 |       |    13 |       |       ||    23
Throw: Stone             |       |    13 |    17 |     1 |       ||    31
       Tomahawk          |       |       |       |     4 |       ||     4
Invok: Berserk           |       |       |     7 |    17 |       ||    24
       Trog's Hand       |       |       |     1 |     7 |       ||     8
       Burn Spellbooks   |       |       |     1 |     1 |       ||     2
       Brothers in Arms  |       |       |       |     3 |     1 ||     4
Evoke: Deck              |       |       |       |     1 |       ||     1
  Use: Scroll            |     8 |     4 |     3 |     4 |       ||    19
       Potion            |       |       |     3 |    11 |       ||    14
 Stab: Sleeping          |     1 |       |       |       |       ||     1
       Paralysed         |       |       |     5 |       |       ||     5
  Eat: Bread ration      |     1 |     2 |     2 |     6 |       ||    11
       Chunk             |       |       |     6 |     5 |       ||    11
       Fruit             |       |       |     3 |     1 |       ||     4
       Beef jerky        |       |       |     1 |     1 |       ||     2
       Meat ration       |       |       |       |     1 |       ||     1
       Pizza             |       |       |       |     1 |       ||     1
